 Dungeon Crawl Stone Soup version 0.31-a0-182-gc5ef74bbde (webtiles) character file.

Game seed: 1894833156043593687

133 qw the Chopper (level 5, -2/32 HPs)
             Began as a Gargoyle Fighter on June 21, 2023.
             Slain by Edmund
             ... wielding a +5 heavy flail
              (8 damage)
             ... on level 4 of the Dungeon.
             The game lasted 00:01:08 (2147 turns).

qw the Chopper (Gargoyle Fighter)                   Turns: 2147, Time: 00:01:08

Health: -2/32      AC: 16    Str: 21    XL:     5   Next: 16%
Magic:  5/5        EV:  5    Int:  9    God:
Gold:   60         SH:  4    Dex:  9    Spells: 4/4 levels left

rFire   . . .        Y - +2 war axe
rCold   . . .        c - +0 buckler
rNeg    + . .        f - +0 plate armour
rPois   inf          (no helmet)
rElec   +            (no cloak)
rCorr   .            (no gloves)
SInv    .            b - +0 pair of boots
Will    .....        h - amulet of faith Stlth
                     (no ring)
HPRegen 0.25/turn    (no ring)
MPRegen 0.09/turn

%: faith
@: no status effects
A: sickness immunity, AC +4, negative energy resistance 1, electricity
resistance, torment resistance 1, petrification resistance
a: no special abilities


You were on level 4 of the Dungeon.
You visited 1 branch of the dungeon, and saw 4 of its levels.

You collected 148 gold pieces.
You spent 88 gold pieces at shops.


Innate Abilities, Weirdness & Mutations

You are immune to sickness and miasma.
Your stone body is resilient. (AC +4)
You are immune to poison.
You resist negative energy. (rN+)
You are resistant to electric shocks. (rElec)
You are resistant to unholy torment.
You are immune to petrification.


   Skills:
 - Level 3.2 Fighting
 + Level 4.7 Axes
 - Level 3.2 Armour
 - Level 3.2 Shields


You had 4 spell levels left.
You didn't know any spells.
Your spell library was empty.

Inventory:

Hand Weapons
 g - a +0 whip
 Y - a +2 war axe (weapon)
Armour
 b - a +0 pair of boots (worn)
 c - a +0 buckler (worn)
 f - a +0 plate armour (worn)
Jewellery
 h - an amulet of faith (around neck)
Scrolls
 a - 3 scrolls of identify
Potions
 d - a potion of might
 e - a potion of magic

Dungeon Overview and Level Annotations

Branches:
Dungeon (4/15)
 Temple: D:4-7

Altars:

Shops:
D:3 ?

Annotations:
D:4 Edmund


Message History

You closely miss Edmund.
Edmund is lightly wounded.
Edmund hits you with a +5 heavy flail!
You hit Edmund but do no damage.
Edmund is lightly wounded.
Edmund zaps a wand.
The puff of flame hits you but does no damage.
You hit Edmund.
Edmund is lightly wounded.
Edmund barely misses you.
You slash Edmund!
Edmund is moderately wounded.
Edmund barely misses you.
You barely miss Edmund.
Edmund is moderately wounded.
You block Edmund's attack.
You slash Edmund!
Edmund is heavily wounded.
Edmund hits you with a +5 heavy flail!
You hit Edmund but do no damage.
Edmund is heavily wounded.
Edmund hits you but does no damage.
You hit Edmund.
Edmund is heavily wounded.
Edmund hits you with a +5 heavy flail.
You slash Edmund!
Edmund is severely wounded.
Edmund hits you but does no damage.
You slash Edmund!
Edmund is almost dead.
You barely miss Edmund.
Edmund is almost dead.
Edmund zaps a wand.
The puff of flame misses you. Edmund barely misses you.
You barely miss Edmund.
Edmund is almost dead.
You block Edmund's attack.
You closely miss Edmund.
Edmund is almost dead.
Edmund hits you with a +5 heavy flail!
You die...

#######
#...@.# #@#
#.#
#.##########
#...<.......
############


You could see Edmund.

Vanquished Creatures
  An iguana (D:2)
  4 adders
  2 dart slugs (D:2)
  2 endoplasms
  2 giant cockroaches (D:1)
  7 goblins
  10 hobgoblins
  8 jackals
  3 quokkas
  6 ball pythons
  3 bats
  A frilled lizard (D:1)
  5 kobolds
  5 rats
59 creatures vanquished.

Notes
Turn   | Place    | Note
-------+----------+-------------------------------------------
     0 | D:1      | qw the Gargoyle Fighter began the quest for the Orb.
     0 | D:1      | Reached XP level 1. HP: 14/14 MP: 1/1
     0 | D:1      | 0 ||| qw: Version: 0.3-a-9-g12657ce
     0 | D:1      | 0 ||| qw: Game counter: 1583
     0 | D:1      | 0 ||| qw: Always use a shield: true
     0 | D:1      | 0 ||| qw: God list: Okawaru
     0 | D:1      | 0 ||| qw: Allow faded altars: false
     0 | D:1      | 0 ||| qw: Do Orc after D:15 true
     0 | D:1      | 0 ||| qw: Do second Lair branch before Depths: true
     0 | D:1      | 0 ||| qw: Lair rune preference: random
     0 | D:1      | 0 ||| qw: Plans: Normal, Zot:1-4, Slime:5, God:TSO, Crypt,
                  | Tomb, Abyss, Pan, Hells, Win
     0 | D:1      | 0 ||| PLANNING D:1-11
    88 | D:1      | Reached skill level 2 in Axes
   121 | D:1      | Reached XP level 2. HP: 19/19 MP: 2/2
   128 | D:1      | 128 ||| FLEEEEING.
   196 | D:1      | 196 ||| FLEEEEING.
   197 | D:1      | 197 ||| FLEEEEING.
   198 | D:1      | 198 ||| FLEEEEING.
   200 | D:1      | 200 ||| FLEEEEING.
   201 | D:1      | 201 ||| FLEEEEING.
   204 | D:1      | 204 ||| FLEEEEING.
   205 | D:1      | 205 ||| FLEEEEING.
   206 | D:1      | 206 ||| FLEEEEING.
   236 | D:1      | 236 ||| DROPPING +0 club.
   334 | D:1      | 334 ||| Stepping ~*~*~tactically~*~*~ (stealth).
   338 | D:1      | 338 ||| Stepping ~*~*~tactically~*~*~ (stealth).
   348 | D:1      | Reached skill level 3 in Axes
   393 | D:1      | Reached XP level 3. HP: 23/23 MP: 3/3
   559 | D:1      | 559 ||| Stepping ~*~*~tactically~*~*~ (stealth).
   706 | D:1      | 706 ||| DROPPING ring of flight.
   707 | D:1      | 707 ||| READING 2 scrolls labelled BACWET JEUBEN.
   708 | D:1      | 708 ||| READING scroll labelled DIOGHU AZIRPHUH.
   976 | D:2      | Reached XP level 4. HP: 28/28 MP: 4/4
  1145 | D:2      | Found a faded altar of an unknown god.
  1165 | D:2      | Reached skill level 4 in Axes
  1265 | D:2      | 1265 ||| Stepping ~*~*~tactically~*~*~ (stealth).
  1522 | D:2      | 1522 ||| UPGRADING to +0 plate armour.
  1532 | D:2      | 1532 ||| DROPPING +0 scale mail.
  1533 | D:2      | 1533 ||| READING 2 scrolls of identify.
  1533 | D:2      | 1533 ||| IDENTIFYING fizzy grey potion
  1551 | D:3      | Found Xyetahiz's Magic Scroll Shoppe.
  1564 | D:3      | 1564 ||| BUYING scroll of identify (22 gold).
  1564 | D:3      | Bought a scroll of identify for 22 gold pieces
  1564 | D:3      | 1564 ||| BUYING scroll of identify (22 gold).
  1564 | D:3      | Bought a scroll of identify for 22 gold pieces
  1564 | D:3      | 1564 ||| BUYING scroll of identify (22 gold).
  1564 | D:3      | Bought a scroll of identify for 22 gold pieces
  1564 | D:3      | 1564 ||| BUYING scroll of identify (22 gold).
  1564 | D:3      | Bought a scroll of identify for 22 gold pieces
  1611 | D:3      | Reached XP level 5. HP: 32/32 MP: 5/5
  1739 | D:3      | 1739 ||| Stepping ~*~*~tactically~*~*~ (stealth).
  1741 | D:3      | 1741 ||| Stepping ~*~*~tactically~*~*~ (stealth).
  1745 | D:3      | 1745 ||| Stepping ~*~*~tactically~*~*~ (hiding).
  1772 | D:3      | 1772 ||| READING scroll of enchant weapon.
  1772 | D:3      | 1772 ||| ENCHANTING +1 war axe.
  2070 | D:3      | 2070 ||| UPGRADING to +0 pair of boots.
  2075 | D:3      | 2075 ||| UPGRADING to amulet of faith.
  2080 | D:3      | 2080 ||| DROPPING amulet of guardian spirit.
  2081 | D:3      | 2081 ||| READING scroll labelled JUTISU KUJOBB.
  2082 | D:3      | 2082 ||| READING 5 scrolls of identify.
  2082 | D:3      | 2082 ||| IDENTIFYING clear potion
  2083 | D:3      | 2083 ||| READING 4 scrolls of identify.
  2083 | D:3      | 2083 ||| IDENTIFYING inky potion
  2084 | D:3      | 2084 ||| DROPPING potion of berserk rage.
  2085 | D:3      | 2085 ||| DROPPING potion of degeneration.
  2129 | D:4      | Noticed Edmund
  2140 | D:4      | HP: 6/32 [Edmund/+5 heavy flail (12)]
  2147 | D:4      | Slain by Edmund

Levels and vault maps discovered:
D:1:      erik_arrival_triangle_medium, layout_basic,
          chequers_serial_rivers_marsh, nicolae_titane
D:2:      layout_loops_ring, nicolae_ecumenical_lake_church
D:3:      layout_loops_ring, serial_shops, nicolae_square_shop
D:4:      layout_loops_ring, mainiacjoe_overflow_surrounded_room, uniq_sigmund,
          uniq_menkaure, uniq_edmund

Skill      XL: |  1  2  3  4 |
---------------+-------------+-----
Axes           | 2 3 4 |  4.7
Fighting       | |  3.2
Armour         | |  3.2
Shields        | |  3.2

Action                     |  1- 3 |  4- 6 || total
---------------------------+-------+-------++-------
  Melee: War axe           |   108 |    60 ||   168
    Use: Scroll            |     2 |     5 ||     7
 Armour: Scale mail        |    44 |    17 ||    61
         Plate armour      |       |    15 ||    15
  Dodge: Dodged            |    46 |    16 ||    62
  Block: Buckler           |    25 |    12 ||    37

Table legend:
 A = Non-vault XP
 B = Vault XP
 C = Vault XP percentage of total XP
 D = Non-vault monster count
 E = Vault monster count
 F = Vault count percentage of total count
                 A         B        C        D         E       F
            +---------+---------+-------+---------+---------+-------
      Total |     190 |       0 |   0.0 |      59 |       0 |   0.0
            +---------+---------+-------+---------+---------+-------
        D:1 |      54 |       0 |   0.0 |      31 |       0 |   0.0
        D:2 |      95 |       0 |   0.0 |      17 |       0 |   0.0
        D:3 |      41 |       0 |   0.0 |      11 |       0 |   0.0
            +---------+---------+-------+---------+---------+-------
